 Dungeon Crawl Stone Soup version 0.30.1-11-g7821555f0a (webtiles) character file.

Game seed: 2152415693908456297

5859 jagang the Fighter (level 10, -9/86 HPs)
             Began as a Demonspawn Fighter on Dec 13, 2023.
             Was a Believer of Makhleb.
             Mangled by a death yak (12 damage)
             ... on level 8 of the Dungeon.
             The game lasted 00:20:55 (6349 turns).

jagang the Fighter (Demonspawn Fighter)             Turns: 6349, Time: 00:20:56

Health: -9/86      AC: 16    Str: 25    XL:     10   Next: 52%
Magic:  12/12      EV: 12    Int: 14    God:    Makhleb [**....]
Gold:   471        SH:  6    Dex: 17    Spells: 9/9 levels left

rFire   . . .        z - +3 war axe of Xamocud {freeze, Will+ Int+2}
rCold   . . .        c - +0 buckler
rNeg    . . .        j - +0 plate armour
rPois   +            (no helmet)
rElec   +            b - +0 cloak of Eternal Vigilance {Str+4}
rCorr   .            g - +1 pair of gloves of the Cooper {+Blink rElec Int+2 Dex+3}
SInv    .            (no boots)
Will    +....        (no amulet) Stlth
                     t - ring of poison resistance
HPRegen 0.34/turn    p - +5 ring of evasion
MPRegen 0.26/turn

%: no passive effects
@: hasted, very quick
A: hooves 1, thin skeletal structure 1, magic regeneration, demonic magic 1
a: Renounce Religion, Evoke Blink, Minor Destruction


You were on level 8 of the Dungeon.
You worshipped Makhleb.
Makhleb was pleased with you.
You visited 2 branches of the dungeon, and saw 9 of its levels.

You collected 471 gold pieces.

Inventory:

Hand Weapons
 d - a +0 dire flail
 z - the +3 war axe of Xamocud (weapon) {freeze, Will+ Int+2}
   (You found it on level 3 of the Dungeon)

   Int:       It affects your intelligence (+2).
   Will:      It increases your willpower.
 D - a +0 whip
Missiles
 m - 5 boomerangs
 y - 30 poisoned darts (quivered)
Armour
 b - the +0 cloak of Eternal Vigilance (worn) {Str+4}
   (You acquired it on level 3 of the Dungeon)

   Str:       It affects your strength (+4).
 c - a +0 buckler (worn)
 g - the +1 pair of gloves of the Cooper (worn) {+Blink rElec Int+2 Dex+3}
   (You found it on level 3 of the Dungeon)

   Int:       It affects your intelligence (+2).
   Dex:       It affects your dexterity (+3).
   rElec:     It insulates you from electricity.
   +Blink:    It lets you blink.
 j - a +0 plate armour (worn)
Jewellery
 h - a ring of resist corrosion
 p - a +5 ring of evasion (right hand)
 t - a ring of poison resistance (left hand)
 C - a ring of willpower
Wands
 A - a wand of iceblast (12)
 B - a wand of flame (16)
 F - a wand of mindburst (9)
Scrolls
 i - 4 scrolls of enchant weapon
 l - 5 scrolls of enchant armour
 o - 2 scrolls of fear
 q - 6 scrolls of teleportation
 r - 2 scrolls of blinking
 u - 2 scrolls of amnesia
 G - a scroll of poison {unknown}
 H - a scroll of vulnerability {unknown}
 I - a scroll of brand weapon {unknown}
Potions
 a - a potion of berserk rage {unknown}
 e - 5 potions of curing
 f - a potion of resistance {unknown}
 k - 3 potions of flight {unknown}
 n - a potion of mutation {unknown}
 s - a potion of attraction {unknown}
 v - 2 potions of lignification {unknown}
 w - 2 potions of heal wounds {unknown}
 x - 4 potions of haste
 E - a potion of might
 J - 2 potions of brilliance {unknown}
 K - a potion of degeneration {unknown}


   Skills:
 * Level 10.5 Fighting
 - Level 2.9 Axes
 - Level 5.4 Throwing
 + Level 7.0 Armour
 + Level 7.0 Shields
 + Level 3.7 Invocations


You had 9 spell levels left.
You didn't know any spells.
Your spell library contained the following spells:

 Spells                   Type           Power      Damage    Failure   Level
 Magic Dart               Conj           0%         1d3       99%         1
 Blink                    Tloc           0%         N/A       99%         2
 Lesser Beckoning         Tloc           0%         N/A       99%         2
 Momentum Strike          Conj/Tloc      0%         3d8       99%         2
 Searing Ray              Conj           0%         2d4       99%         2
 Fulminant Prism          Conj/Hex       0%         3d5       100%        4
 Leda's Liquefaction      Hex/Erth       0%         N/A       100%        4
 Lee's Rapid Deconstruct  Erth           0%         3d4*      100%        5
 Statue Form              Tmut/Erth      0%         N/A       100%        6
 Malign Gateway           Summ/Tloc      0%         N/A       100%        7
 Summon Horrible Things   Summ           0%         N/A       100%        8


Dungeon Overview and Level Annotations

Branches:
Dungeon (8/15)             Temple (1/1) D:4
   Lair: D:8-11

Altars:
Ashenzari
Cheibriados
Dithmenos
Fedhas
Gozag
Hepliaklqana
Kikubaaqudgha
Makhleb
Nemelex Xobeh
Okawaru
Qazlal
Ru
Trog
Uskayaw
Vehumet
Wu Jian
Xom

Annotations:
D:7 2 transporters


Innate Abilities, Weirdness & Mutations

You have large cloven feet.
You have a somewhat thin skeletal structure. (Dex +2, Stealth+)
You regenerate magic rapidly.
Spells you cast may paralyse adjacent enemies.


Message History

You slash the death yak! You freeze the death yak. You kick the death yak.
The death yak is almost dead.
The death yak gores you.
* * * LOW HITPOINT WARNING * * *
The death yak gores you but does no damage.
You barely miss the death yak.
You kick the death yak, but do no damage.
The death yak is severely wounded.
The death yak gores you.
* * * LOW HITPOINT WARNING * * *
You hit the death yak. You freeze the death yak.
You kick the death yak, but do no damage.
The death yak is almost dead.
The death yak gores you but does no damage.
The death yak closely misses you.
You hit the death yak. You freeze the death yak.
The death yak is almost dead.
The death yak barely misses you.
You hit the death yak but do no damage.
The death yak is almost dead.
The death yak gores you but does no damage.
You slash the death yak! You freeze the death yak.
You kill the death yak!
Makhleb accepts your kill.
You feel better. The death yak gores you!!
* * * LOW HITPOINT WARNING * * *
An orc comes into view. It is wielding a +0 club.
Your Armour skill increases to level 7!
Your Shields skill increases to level 7!
You feel yourself speed up.
The death yak gores you but does no damage.
You hit the death yak but do no damage. Your kick misses the death yak.
The death yak gores you but does no damage.
You barely miss the death yak. The death yak gores you.
* * * LOW HITPOINT WARNING * * *
You hit the death yak. You freeze the death yak.
Your kick misses the death yak.
The death yak is lightly wounded.
The death yak gores you!
You die...

###### #.# #.#
##.....##.######.#
.........#)......#
.....≈§).)########
.##..≈≈§).##
#....§...#
.........o{###
...._..##oYYY######
♣♣.....##.o#YY@...#
♣.........######.#
...≈≈...Y##
...≈≈....#
.......Y# .....##.#
##### .Y. .o. ...o.


You could see 3 death yaks, 2 yaks and 2 orcs.

Vanquished Creatures
  A two-headed ogre (D:8)
  2 death yaks (D:8)
  Sigmund (D:6)
  A wyvern (D:7)
  2 steam dragons (D:8)
  Eustachio (D:4)
  Menkaure (D:6)
  3 water moccasins
  Duvessa (D:4)
  The ghost of Creitu the Ducker, an amateur TrBe of Trog (D:3)
  A sky beast (D:6)
  2 orc warriors
  2 black bears
  2 centaurs
  A phantom (D:6)
  2 bullfrogs (D:7)
  4 kobold brigands
  8 scorpions
  3 wights (D:7)
  Dowan (D:4)
  3 jellies
  2 orc priests
  4 hounds
  Crazy Yiuf (D:6)
  Jessica (D:2)
  11 iguanas
  A sleepcap (D:6)
  3 orc wizards
  12 adders
  11 gnolls
  2 white imps
  An ufetubus (D:4)
  A dart slug (D:4)
  16 orcs
  4 bats
  8 endoplasms
  3 giant cockroaches
  6 goblins
  8 hobgoblins
  7 jackals
  5 quokkas
  5 ball pythons
  3 frilled lizards
  25 kobolds
  A rat (D:2)
184 creatures vanquished.

Notes
Turn   | Place    | Note
-------+----------+-------------------------------------------
     0 | D:1      | jagang the Demonspawn Fighter began the quest for the Orb.
     0 | D:1      | Reached XP level 1. HP: 18/18 MP: 1/1
    97 | D:1      | Gained mutation: Spells you cast may paralyse adjacent
                  | enemies. [demonic ancestry]
    97 | D:1      | Reached XP level 2. HP: 24/24 MP: 2/2
   883 | D:2      | Reached XP level 3. HP: 29/29 MP: 3/3
  1057 | D:2      | Gained mutation: You regenerate magic rapidly. [demonic
                  | ancestry]
  1057 | D:2      | Reached XP level 4. HP: 37/37 MP: 4/4
  1341 | D:2      | Reached skill level 4 in Fighting
  1414 | D:2      | Noticed Jessica
  1418 | D:2      | Killed Jessica
  1419 | D:2      | Reached skill level 1 in Throwing
  1419 | D:2      | Reached XP level 5. HP: 39/42 MP: 5/5
  1828 | D:3      | Identified the +3 war axe of Xamocud {freeze, Will+ Int+2}
  1985 | D:3      | Identified the +1 pair of gloves of the Cooper {+Blink
                  | rElec Int+2 Dex+3}
  2173 | D:3      | Found a runed translucent door.
  2173 | D:3      | Noticed Creitu's ghost (amateur TrBe)
  2178 | D:3      | Identified a scroll of acquirement
  2182 | D:3      | Acquired the +0 cloak of Eternal Vigilance {Str+4}
  2326 | D:3      | Killed Creitu's ghost
  2327 | D:3      | Reached XP level 6. HP: 47/50 MP: 6/6
  2471 | D:4      | Noticed Duvessa
  2473 | D:4      | Noticed Dowan
  2489 | D:3      | Reached skill level 5 in Fighting
  2550 | D:4      | Killed Duvessa
  2551 | D:4      | Gained mutation: You have large cloven feet. [demonic
                  | ancestry]
  2551 | D:4      | Reached XP level 7. HP: 44/56 MP: 7/7
  2560 | D:4      | Killed Dowan
  2849 | D:4      | Noticed Eustachio
  2868 | D:4      | Killed Eustachio
  2869 | D:4      | Reached skill level 6 in Fighting
  3052 | D:4      | Found a staircase to the Ecumenical Temple.
  3066 | Temple   | Entered the Ecumenical Temple
  3071 | Temple   | Became a worshipper of Makhleb the Destroyer
  3300 | D:5      | Entered Level 5 of the Dungeon
  3328 | D:5      | Gained mutation: You have a somewhat thin skeletal
                  | structure. (Dex +2, Stealth+) [demonic ancestry]
  3328 | D:5      | Reached XP level 8. HP: 65/65 MP: 8/8
  3562 | D:5      | Reached skill level 7 in Fighting
  3777 | D:5      | Reached * piety under Makhleb
  3789 | D:5      | Reached skill level 5 in Armour
  3871 | D:5      | Reached skill level 5 in Shields
  4123 | D:6      | Noticed Sigmund
  4127 | D:6      | Killed Sigmund
  4127 | D:6      | Noticed Menkaure
  4133 | D:6      | Killed Menkaure
  4134 | D:6      | Reached skill level 8 in Fighting
  4134 | D:6      | Reached XP level 9. HP: 47/74 MP: 9/9
  4455 | D:6      | Found a radiant altar of Vehumet.
  4738 | D:6      | Found a runed translucent door.
  4739 | D:6      | Noticed Crazy Yiuf
  4908 | D:6      | Found a bloodstained altar of Trog.
  5016 | D:6      | Killed Crazy Yiuf
  5071 | D:7      | Found a snail-covered altar of Cheibriados.
  5071 | D:7      | Found a sacrificial altar of Ru.
  5175 | D:7      | Found a transporter.
  5175 | D:7      | Identified the +0 scale mail of Boredom {rN+ Will+ Slay+5}
  5246 | D:7      | Reached ** piety under Makhleb
  5389 | D:7      | Reached skill level 9 in Fighting
  5389 | D:7      | Reached skill level 5 in Throwing
  5573 | D:7      | Found a transporter.
  5575 | D:7      | Identified the ring "Xaav" {rElec rPois Stlth+}
  5576 | D:7      | Identified the ring of Sif Muna's Reproof {rPois rF- rC-
                  | rN+++ Slay+4}
  6090 | D:8      | Noticed a two-headed ogre
  6096 | D:8      | Killed a two-headed ogre
  6097 | D:8      | Reached skill level 1 in Invocations
  6097 | D:8      | Reached XP level 10. HP: 85/85 MP: 9/11
  6113 | D:8      | Found an ornate altar of the Wu Jian Council.
  6132 | D:8      | Reached skill level 10 in Fighting
  6310 | D:8      | Noticed a death yak
  6310 | D:8      | Noticed a death yak
  6312 | D:8      | Noticed a death yak
  6312 | D:8      | Noticed a death yak
  6314 | D:8      | Noticed a death yak
  6333 | D:8      | Killed a death yak
  6345 | D:8      | Killed a death yak
  6348 | D:8      | HP: 3/86 [death yak (6)]
  6349 | D:8      | Mangled by a death yak

Illustrated notes

Levels and vault maps discovered:
D:1:      dpeg_arrival_pits, layout_basic
D:2:      layout_loops_ring, uniq_jessica
D:3:      layout_loops_ring, gammafunk_ghost_grave
D:4:      layout_cave_pools, minmay_temple_entry_large_hall, uniq_eustachio,
          uniq_duvessa
D:5:      layout_basic, serial_corexii_hall, chequers_hall_statues_y,
          corexii_hall_statues_x
D:6:      layout_loops_ring, trog_butcher_becter, amcnicky_altar_gilded,
          serial_glass, glass_columns_c, glass_columns_a, st_stairs_4,
          nicolae_eternal_life, kennysheep_generic_room_9, uniq_sigmund,
          uniq_crazy_yiuf_cottage, uniq_menkaure
D:7:      layout_loops_ring, mainiacjoe_overflow_large_starburst,
          gammafunk_ghost_gnarly_gnolls
D:8:      layout_basic, nicolae_wu_jian_wuxing_cycle, dpeg_lair_monsters,
          enter_bailey_8
Temple:   minmay_freezing_vapour_temple

Skill      XL: |  1  2  3  4  5  6  7  8  9 10 |
---------------+-------------------------------+-----
Axes           | 2 |  2.9
Armour         | 3 4 5 6 7 |  7.0
Shields        | 3 4 5 6 7 |  7.0
Fighting       | 4 5 6 8 9 10 | 10.5
Throwing       | 1 2 3 4 5 |  5.4
Invocations    | 1 3 |  3.7

Action                     |  1- 3 |  4- 6 |  7- 9 | 10-12 || total
---------------------------+-------+-------+-------+-------++-------
  Melee: War axe           |    84 |    88 |   292 |    47 ||   511
         Kick              |       |       |    79 |    26 ||   105
  Throw: Dart              |       |       |     3 |       ||     3
    Use: Scroll            |       |     5 |     5 |       ||    10
         Potion            |       |     1 |       |     1 ||     2
 Armour: Scale mail        |    21 |       |       |       ||    21
         Plate armour      |    24 |    41 |   134 |    28 ||   227
  Dodge: Dodged            |    39 |    58 |   165 |    18 ||   280
  Block: Buckler           |    14 |    25 |    81 |    12 ||   132
